 Dungeon Sprint DCSS version 0.30.1-11-g7821555f0a (webtiles) character file.

Game seed: 11363253886369634479

4 Heoruswealwe the Trooper (level 1, -2/20 HPs)
             Began as a Minotaur Fighter on Jan 8, 2024.
             Slain by an ogre
             ... wielding a +0 giant spiked club
              (22 damage)
             ... in the Dungeon (Sprint IX: "|||||||||||||||||||||||||||||").
             The game lasted 00:00:18 (22 turns).

Heoruswealwe the Trooper (Minotaur Fighter)           Turns: 22, Time: 00:00:18

Health: -2/20      AC:  7    Str: 20    XL:     1   Next: 58%
Magic:  0/0        EV:  9    Int:  5    God:
Gold:   0          SH:  4    Dex:  9    Spells: 0/0 levels left

rFire   . . .        a - +0 trident
rCold   . . .        d - +0 buckler
rNeg    . . .        c - +0 scale mail
rPois   .            (helmet restricted)
rElec   .            (no cloak)
rCorr   .            (no gloves)
SInv    .            (no boots)
Will    .....        (no amulet) Stlth
                     (no ring)
HPRegen 0.23/turn    (no ring)
MPRegen 0.07/turn

%: no teleportation
@: no status effects
A: horns 2, retaliatory headbutt
a: no special abilities


You were in the Dungeon.
You visited 1 branch

Inventory:

Hand Weapons
 a - a +0 trident (weapon)
Armour
 c - a +0 scale mail (worn)
 d - a +0 buckler (worn)
Scrolls
 j - a scroll of blinking
Potions
 b - a potion of might
 e - a potion of curing
 f - a potion of heal wounds
 g - a potion of haste
 i - a potion of berserk rage


   Skills:
 + Level 4.1 Fighting
 * Level 3.7 Polearms
 + Level 4.1 Armour
 - Level 3.6 Shields


You couldn't memorise any spells.
You didn't know any spells.
Your spell library was empty.

Dungeon Overview and Level Annotations

Branches:
Dungeon (1/1)

Altars:


Innate Abilities, Weirdness & Mutations

You have a pair of horns on your head.
You reflexively headbutt those who attack you in melee.


Message History

You open the door.
A ball python, a hobgoblin, a frilled lizard and 2 rats come into view.
The ball python hisses angrily.
The hobgoblin shouts!
The frilled lizard hisses angrily.
You hit the ball python.
You kill the ball python!
Your Polearms skill increases to level 3!
You hit the hobgoblin but do no damage.
The hobgoblin hits you but does no damage.
You hit the hobgoblin. You headbutt the hobgoblin.
You kill the hobgoblin!
Your Fighting skill increases to level 4!
Your Armour skill increases to level 4!
You hit the frilled lizard.
Your headbutt misses the frilled lizard.
The frilled lizard is severely wounded.
The frilled lizard bites you.
You completely miss the frilled lizard.
Your headbutt misses the frilled lizard.
The frilled lizard is severely wounded.
The frilled lizard bites you but does no damage.
The frilled lizard barely misses you.
You barely miss the frilled lizard. You headbutt the frilled lizard.
You kill the frilled lizard!
You puncture the rat!
You kill the rat!
The rat barely misses you.
There is an open door to the Dungeon, spattered with blood here.
Things that are here:
a frilled lizard corpse; a hobgoblin corpse; a ball python corpse You barely miss the rat.
The rat barely misses you. You furiously retaliate!
You headbutt the rat!
You kill the rat!
You see here a rat corpse.
You open the door.
An ogre, a black bear and 3 scorpions come into view.
The black bear growls angrily.
The ogre hits you with a +0 giant spiked club!!
Ouch! That really hurt!
You die... ▓▓▓▓▓▓▓▓▓▓▓▓▓▓▓▓▓▓ ▓<.!.††.@Ohs.ss..+ ▓▓▓▓▓▓▓▓▓▓▓▓▓▓▓▓▓▓

You could see a black bear, an ogre and 3 scorpions.

Vanquished Creatures
  A ball python (D)
  A hobgoblin (D)
  A frilled lizard (D)
  2 rats (D)
5 creatures vanquished.

Notes
Turn   | Place    | Note
-------+----------+-------------------------------------------
     0 | D        | Heoruswealwe the Minotaur Fighter began the quest for the
                  | Orb.
     0 | D        | Reached XP level 1. HP: 19/19 MP: 0/0
    19 | D        | Noticed an ogre
    19 | D        | Noticed a black bear
    19 | D        | Noticed a scorpion
    19 | D        | Noticed a scorpion
    19 | D        | Noticed a scorpion
    22 | D        | Slain by an ogre

Illustrated notes

Levels and vault maps discovered:
D:        linesprint [early_d, line_temple, items_1, d_10, items_2, lair_1,
          lair_end, items_3, orc_1, orc_end, items_4, d_15, swamp_1, shoals_1,
          snake_1, spider_1, d_20, vaults_1, items_5, swamp_end, shoals_end,
          snake_end, spider_end, vaults_end, d_27, items_6, zot_1, zot_end,
          crypt_end, forest_end, elf_end, slime_end, tomb_end, abyss_end,
          pan_hell_end]

Skill      XL: |  1 |
---------------+----+-----
Polearms       | 3 |  3.7
Fighting       | 4 |  4.1
Armour         | 4 |  4.1
Shields        | |  3.6

Action                     || total
---------------------------++-------
  Melee: Trident           ||     8
         Headbutt          ||     2
 Armour: Scale mail        ||     2
  Dodge: Dodged            ||     3
